 Dungeon Crawl Stone Soup version 0.31-a0-232-gb1c03b2570 (webtiles) character file.

Game seed: 3311591634642281234

103 Ijustatesigmund the Stinger (level 4, -1/28 HPs)
             Began as an Octopode Venom Mage on July 7, 2023.
             Slain by an orc
             ... wielding a +2 whip of flaming
              (2 damage)
             ... on level 3 of the Dungeon.
             The game lasted 00:03:16 (1447 turns).

Ijustatesigmund the Stinger (Octopode Venom Mage)   Turns: 1447, Time: 00:03:17

Health: -1/28      AC:  1    Str:  7    XL:     4   Next: 79%
Magic:  6/8        EV: 13    Int: 19    God:
Gold:   59         SH:  5    Dex: 12    Spells: 2/8 levels left

rFire   . . .        c - +0 falchion
rCold   . . .        (no shield)
rNeg    . . .        (helmet restricted)
rPois   .            e - amulet of reflection
rElec   .            (no ring)
rCorr   .            (no ring)
SInv    .            (no ring)
Will    .....        (no ring)
Stlth   +++          (no ring)
HPRegen 0.24/turn    (no ring)
MPRegen 0.11/turn    (no ring)
                     (no ring)

%: reflection
@: no status effects
A: almost no armour, amphibious, 8 rings, camouflage 1, gelatinous body 1,
(nimble swimmer 1), tentacles
a: no special abilities


You were on level 3 of the Dungeon.
You visited 1 branch of the dungeon, and saw 3 of its levels.

You collected 59 gold pieces.

Inventory:

Hand Weapons
 c - a +0 falchion (weapon)
Missiles
 d - 2 datura-tipped darts (quivered)
Jewellery
 e - an amulet of reflection (around mantle)
 h - an amulet of faith
Scrolls
 f - a scroll of identify
 i - a scroll of teleportation
Potions
 a - a potion of magic


   Skills:
 - Level 1.2 Fighting
 - Level 2.0 Dodging
 - Level 2.6 Stealth
 + Level 2.8 Spellcasting
 + Level 1.2 Conjurations
 - Level 1.0 Transmutations
 + Level 1.6 Air Magic
 + Level 4.5 Poison Magic


You had 2 spell levels left.
You knew the following spells:

 Your Spells              Type           Power      Damage    Failure   Level
a - Sting                 Tmut/Pois      52%        1d5       4%          1
b - Poisonous Vapours     Pois/Air       28%        N/A       7%          2
c - Mephitic Cloud        Conj/Pois/Air  12%        N/A       17%         3

Your spell library contained the following spells:

 Spells                   Type           Power      Damage    Failure   Level
 Lesser Beckoning         Tloc           4%         N/A       24%         2
 Olgreb's Toxic Radiance  Pois           20%        N/A       24%         4
 Gell's Gravitas          Tloc           2%         N/A       43%         3
 Teleport Other           Tloc           2%         N/A       43%         3


Dungeon Overview and Level Annotations

Branches:
Dungeon (3/15)

Altars:

Annotations:
D:2 Sigmund


Innate Abilities, Weirdness & Mutations

You cannot wear most types of armour.
You are amphibious.
You can wear up to eight rings at the same time.
Your skin changes colour to match your surroundings (Stealth+).
Your rubbery body absorbs attacks. (AC +1, EV +1)
((You are camouflaged when in or above water. (Stealth+)))
You have tentacles for arms and can constrict up to eight enemies at once.


Message History

You hear a shout!
The orc wizard is engulfed in noxious fumes.
The orc wizard appears confused.
You closely miss the orc wizard. Your grab misses the orc wizard.
You block the orc wizard's attack.
An orc comes into view. It is wielding a +0 dagger.
You barely miss the orc wizard. You grab the orc wizard.
You constrict the orc wizard, but do no damage.
The orc wizard struggles to escape constriction.
You hit the orc wizard.
You squeeze the orc wizard, but do no damage.
The orc wizard is lightly wounded.
You constrict the orc wizard.
The orc wizard escapes!
You hit the orc wizard. You grab the orc wizard. You squeeze the orc wizard.
The orc wizard is heavily wounded.
You constrict the orc wizard, but do no damage.
The orc hits you with a +0 club.
The orc wizard struggles to escape constriction.
You hit the orc wizard but do no damage.
The orc wizard is heavily wounded.
You constrict the orc wizard.
The orc wizard seems less confused.
The orc closely misses you. The orc wizard closely misses you.
The orc wizard casts a spell at you. The magic dart hits you.
You hit the orc wizard but do no damage.
The orc wizard is severely wounded.
You constrict the orc wizard, but do no damage.
The orc hits you with a +0 club.
The orc hits you with a +2 whip of flaming.
The orc burns you.
The orc wizard hits you with a +3 dagger.
* * * LOW HITPOINT WARNING * * *
Okay, then.
You hit the orc wizard.
You kill the orc wizard!
The orc barely misses you.
The orc hits you with a +2 whip of flaming.
* * * LOW HITPOINT WARNING * * *
The orc burns you.
You die...

#.# #.###.##..###.## #.#
#.###.##..###.##*****
#.#**###.###.##..###.##,,,,*
*,,,,..................,**,*
*****###.###.#..####.#****,*
*,* #.#.......# *,***** *,*
#.#)#####.# *,,,,,, *,*
#....# *,* *******
*,**#...@#***,*
*......)ooo...#
*############.#**********
*,,,,,,,,,,,, *************


You could see 3 orcs.

Vanquished Creatures
  A scorpion (D:3)
  An orc wizard (D:3)
  An adder (D:2)
  A worm (D:2)
  An orc (D:3)
  4 ball pythons
  5 endoplasms
  4 goblins
  6 hobgoblins
  A kobold (D:2)
  A quokka (D:3)
  3 bats
  A frilled lizard (D:1)
  3 rats
33 creatures vanquished.

Notes
Turn   | Place    | Note
-------+----------+-------------------------------------------
     0 | D:1      | Ijustatesigmund the Octopode Venom Mage began the quest for
                  | the Orb.
     0 | D:1      | Reached XP level 1. HP: 11/11 MP: 3/3
   252 | D:1      | Found a faded altar of an unknown god.
   330 | D:1      | Reached XP level 2. HP: 18/18 MP: 3/5
   350 | D:1      | Learned a level 2 spell: Poisonous Vapours
   400 | D:1      | Reached skill level 4 in Poison Magic
   750 | D:2      | Noticed Sigmund
   807 | D:2      | Reached skill level 1 in Fighting
   924 | D:2      | Reached XP level 3. HP: 23/23 MP: 1/6
   928 | D:2      | Learned a level 3 spell: Mephitic Cloud
  1174 | D:3      | Reached skill level 1 in Air Magic
  1281 | D:3      | Noticed a scorpion
  1286 | D:3      | Killed a scorpion
  1287 | D:3      | Reached skill level 1 in Conjurations
  1287 | D:3      | Reached XP level 4. HP: 23/28 MP: 0/8
  1447 | D:3      | HP: 1/28 [orc/+2 whip of flaming (5)]
  1447 | D:3      | Slain by an orc

Illustrated notes

Levels and vault maps discovered:
D:1:      dpeg_arrival_three_bigger_balls, layout_rooms, serial_forest,
          infiniplex_forest_diagonal, infiniplex_forest_zigzag_2,
          infiniplex_forest_straight_2, infiniplex_forest_lined_4_way,
          infiniplex_forest_zigzag_1, infiniplex_forest_straight_1,
          infiniplex_forest_lined_room_2, infiniplex_forest_clump_diagonal,
          shapermc_ecumenical_altar_ellora, chequers_serial_rivers_small_b,
          st_stairs_6, bh_walls_and_bars
D:2:      layout_rooms, uniq_sigmund, uniq_terence
D:3:      layout_loops_ring

Skill      XL: |  1  2  3 |
---------------+----------+-----
Poison Magic   | 4 |  4.5
Fighting       | 1 |  1.2
Air Magic      | 1 |  1.6
Conjurations   | 1 |  1.2
Dodging        | |  2.0
Stealth        | |  2.6
Spellcasting   | |  2.8
Transmutations | |  1.0

Action                     |  1- 3 |  4- 6 || total
---------------------------+-------+-------++-------
  Melee: Falchion          |    52 |    12 ||    64
         Constrict         |    15 |     4 ||    19
         Tentacles         |     6 |     2 ||     8
         Punch             |     1 |       ||     1
   Cast: Sting             |     2 |     1 ||     3
         Poisonous Vapours |    15 |     2 ||    17
         Mephitic Cloud    |       |     1 ||     1
    Use: Scroll            |       |     3 ||     3
 Armour: Skin              |     5 |       ||     5
  Dodge: Dodged            |    43 |     6 ||    49
  Block: Other             |    11 |     3 ||    14
         Reflection        |     3 |       ||     3

Table legend: (Time is in decaauts)
 A = Elapsed time spent in this place.
 B = Non-inter-level travel time spent in this place.
 C = Inter-level travel time spent in this place.
 D = Time resting spent in this place.
 E = Time spent auto-exploring this place.
 F = Levels seen in this place.
 G = Mean time per level.
                   A        B        C        D        E       F      G
               +--------+--------+--------+--------+--------+-----+--------+
         Total |   1465 |   1404 |     61 |    146 |   1008 |   3 |  488.3 |
       Dungeon |   1465 |   1404 |     61 |    146 |   1008 |   3 |  488.3 |
               +--------+--------+--------+--------+--------+-----+--------+

Top non-repeatable levels by time:
     D:1: 803 daAuts
     D:3: 389 daAuts
     D:2: 272 daAuts
